 Dungeon Crawl Stone Soup version 0.29-a0-319-gad05b8d819 (webtiles) character file.

Game seed: 422912410847796281

7 GigaChad the Skirmisher (level 1, 0/18 HPs)
             Began as a Demonspawn Abyssal Knight on Apr 1, 2022.
             Was a Believer of Lugonu.
             Slain by a kobold
             ... wielding a +0 dagger
              (1 damage)
             ... on level 1 of the Dungeon.
             The game lasted 00:01:14 (153 turns).

GigaChad the Skirmisher (Demonspawn Abyssal Knight)  Turns: 153, Time: 00:01:14

Health: 0/18       AC:  3    Str: 13    XL:     1   Next: 91%
Magic:  2/2        EV: 11    Int: 11    God:    Lugonu [**....]
Gold:   0          SH:  0    Dex: 13    Spells: 0/0 levels left

rFire   . . .      SeeInvis .   a - +1 falchion
rCold   . . .      Faith    .   (no shield)
rNeg    . . .      Spirit   .   b - +0 leather armour
rPois   .          Reflect  .   (no helmet)
rElec   .          Harm     .   (no cloak)
rCorr   .          Rampage  .   (no gloves)
Will    .....                   (no boots)
Stlth   +.........              (no amulet)
HPRegen 0.06/turn               (no ring)
MPRegen 0.08/turn               (no ring)

@: no status effects
A: no striking features
a: Renounce Religion, Depart the Abyss, Bend Space


You were on level 1 of the Dungeon.
You worshipped Lugonu.
Lugonu was pleased with you.
You visited 1 branch of the dungeon, and saw 1 of its levels.
You visited the Abyss 1 time.

Inventory:

Hand Weapons
 a - a +1 falchion (weapon)
Armour
 b - a +0 leather armour (worn)
Potions
 c - a potion of cancellation {unknown}
 d - a potion of degeneration {unknown}


   Skills:
 + Level 3.3 Fighting
 + Level 1.9 Long Blades
 + Level 1.8 Armour
 + Level 0.8 Dodging
 + Level 2.4 Invocations


You couldn't memorise any spells.
You didn't know any spells.
Your spell library was empty.

Dungeon Overview and Level Annotations

Branches:
Dungeon (1/15)

Altars:


Message History

The kobold attacks as you move away! The kobold hits you but does no damage.
The hobgoblin attacks as you move away! The hobgoblin closely misses you.
The kobold closely misses you. The hobgoblin barely misses you.
The giant cockroach misses you. The hobgoblin completely misses you.
The giant cockroach bites you. The rat bites you but does no damage.
A jackal comes into view.
The giant cockroach attacks as you move away!
The giant cockroach barely misses you. The kobold attacks as you move away!
The kobold hits you with a +0 dagger.
The giant cockroach attacks as you move away!
The giant cockroach bites you.
* * * LOW HITPOINT WARNING * * *
The rat twitches its whiskers.
The giant cockroach bites you but does no damage.
The giant cockroach attacks as you move away!
The giant cockroach bites you but does no damage.
A jackal comes into view.
The giant cockroach bites you.
* * * LOW HITPOINT WARNING * * *
The kobold barely misses you.
You closely miss the kobold. The giant cockroach misses you.
The kobold closely misses you. The rat barely misses you.
The giant cockroach bites you but does no damage.
You closely miss the kobold. The kobold closely misses you.
The giant cockroach closely misses you. The rat barely misses you.
You hit the kobold.
The kobold is severely wounded.
The giant cockroach closely misses you.
The giant cockroach bites you but does no damage.
The kobold completely misses you. The hobgoblin hits you.
* * * LOW HITPOINT WARNING * * *
The rat bites you.
* * * LOW HITPOINT WARNING * * *
The giant cockroach misses you.
The giant cockroach bites you but does no damage.
You hit the hobgoblin but do no damage.
The hobgoblin is heavily wounded.
The kobold hits you with a +0 dagger.
You die...

#...#....h.. #..##....... .###
#..# ..... ....### #..## ##.##
#
#.....##########...###...###..#
#.#...........##.............#
#.#...........##h........#####
#.##...........BrB.......#
#.##...........#@K.......#
..............).gg>#######
..############.#.#.... ..#
#..#.####.# ..# # #.##.# #
..#.# #. #.# ....# . .. #.#
†####.... ..# #.# .†....... ..


You could see a jackal, 2 giant cockroaches, a hobgoblin, a goblin, a kobold and
a rat.

Vanquished Creatures
  2 endoplasms (D:1)
  2 giant cockroaches (D:1)
  A bat (D:1)
  A frilled lizard (D:1)
  A rat (D:1)
7 creatures vanquished.

Notes
Turn   | Place    | Note
-------+----------+-------------------------------------------
     0 | Abyss:1  | GigaChad the Demonspawn Abyssal Knight began the quest for
                  | the Orb.
     0 | Abyss:1  | Reached XP level 1. HP: 18/18 MP: 2/2
    19 | D:1      | Escaped the Abyss
   153 | D:1      | Slain by a kobold

Illustrated notes

Levels and vault maps discovered:
D:1:      amcnicky_arrival_feature_with_door, layout_basic,
          minmay_three_crescents

Action                   || total
-------------------------++-------
Melee: Falchion          ||    24
Armor: Leather armour    ||    16
Dodge: Dodged            ||    26

Table legend: (Time is in decaauts)
 A = Elapsed time spent in this place.
 B = Non-inter-level travel time spent in this place.
 C = Inter-level travel time spent in this place.
 D = Time resting spent in this place.
 E = Time spent auto-exploring this place.
 F = Levels seen in this place.
 G = Mean time per level.
                   A        B        C        D        E       F      G
               +--------+--------+--------+--------+--------+-----+--------+
         Total |    157 |    157 |      0 |      0 |      0 |   2 |   78.5 |
       Dungeon |    138 |    138 |      0 |      0 |      0 |   1 |  138.0 |
         Abyss |     19 |     19 |      0 |      0 |      0 |   1 |   19.0 |
               +--------+--------+--------+--------+--------+-----+--------+

Top non-repeatable levels by time:
     D:1: 138 daAuts
 Abyss:1: 19 daAuts
